 Dungeon Crawl Stone Soup version 0.30.1 (webtiles) character file.

Game seed: 4956745634606941905

3731 GimliDwarf the Fighter (level 10, 0/88 HPs)
             Began as a Gnoll Wanderer on July 3, 2023.
             Was an Initiate of Qazlal.
             Slain by a +4 spectral quarterstaff (12 damage)
             ... created by Joseph
             ... on level 7 of the Dungeon.
             The game lasted 00:22:49 (8069 turns).

GimliDwarf the Fighter (Gnoll Wanderer)             Turns: 8069, Time: 00:22:50

Health: 0/88       AC: 14    Str:  9    XL:     10   Next: 14%
Magic:  14/17      EV: 13    Int: 20    God:    Qazlal [......]
Gold:   463        SH:  0    Dex: 16    Spells: 14/19 levels left

rFire   . . .        h - +1 trident (freeze)
rCold   . . .        (no shield)
rNeg    . . .        y - +0 acid dragon scales
rPois   .            k - +2 helmet
rElec   .            s - +2 cloak
rCorr   +            (no gloves)
SInv    .            (no boots)
Will    .....        (no amulet)
Stlth   +++          m - +6 ring of intelligence
HPRegen 0.34/turn    (no ring)
MPRegen 0.15/turn

%: no passive effects
@: no status effects
A: fangs 1, strong nose, distributed training
a: Renounce Religion


You were on level 7 of the Dungeon.
You worshipped Qazlal.
Qazlal was noncommittal.
You visited 2 branches of the dungeon, and saw 9 of its levels.

You collected 463 gold pieces.

Inventory:

Hand Weapons
 a - a +1 spear of freezing
 h - a +1 trident of freezing (weapon)
 p - a +3 quarterstaff of chaos
Missiles
 z - 3 curare-tipped darts
Armour
 k - a +2 helmet (worn)
 s - a +2 cloak (worn)
 y - +0 acid dragon scales (worn)
Jewellery
 m - a +6 ring of intelligence (left hand)
 v - a +6 ring of strength
 w - a ring of magical power
Wands
 j - a wand of polymorph (11)
 o - a wand of flame (23)
Scrolls
 c - 2 scrolls of blinking
 g - 5 scrolls of teleportation
 i - a scroll of silence
 l - a scroll of amnesia
 q - a scroll of poison
 x - a scroll of butterflies {unknown}
 A - a scroll of identify
Potions
 b - 2 potions of haste
 f - 3 potions of flight
 n - 3 potions of resistance
 r - a potion of curing
 t - 2 potions of invisibility
 u - a potion of lignification


   Skills:
 + Level 11.6 Fighting
 + Level 5.2 Short Blades
 + Level 5.2 Long Blades
 + Level 5.2 Axes
 + Level 5.2 Maces & Flails
 + Level 5.8 Polearms
 + Level 5.2 Staves
 + Level 5.2 Ranged Weapons
 + Level 5.2 Throwing
 + Level 5.8 Armour
 + Level 5.2 Dodging
 + Level 5.2 Stealth
 + Level 5.2 Shields
 + Level 7.0 Unarmed Combat
 + Level 5.2 Spellcasting
 + Level 4.3 Conjurations
 + Level 4.3 Hexes
 + Level 4.3 Summonings
 + Level 4.3 Necromancy
 + Level 4.3 Translocations
 + Level 4.3 Transmutations
 + Level 4.3 Fire Magic
 + Level 4.3 Ice Magic
 + Level 4.3 Air Magic
 + Level 4.3 Earth Magic
 + Level 4.3 Poison Magic
 + Level 5.7 Invocations
 + Level 5.8 Evocations


You had 14 spell levels left.
You knew the following spells:

 Your Spells              Type           Power      Damage    Failure   Level
a - Foxfire               Conj/Fire      88%        2x1d8     3%          1
b - Summon Guardian Gole  Hex/Summ       22%        N/A       9%          3
c - Necrotise             Necr           88%        1d8       3%          1

Your spell library contained the following spells:

 Spells                   Type           Power      Damage    Failure   Level
 Cigotuvi's Dreadful Rot  Necr/Pois/Air  44%        N/A       4%          2
 Sublimation of Blood     Necr           22%        N/A       4%          2
 Inner Flame              Hex/Fire       22%        N/A       9%          3
 Fireball                 Conj/Fire      11%        3d7       63%         5
 Metabolic Englaciation   Hex/Ice        11%        N/A       63%         5
 Plasma Beam              Fire/Air       11%        2x1d24    99%         6
 Starburst                Conj/Fire      11%        6d5       99%         6


Dungeon Overview and Level Annotations

Branches:
Dungeon (8/15)             Temple (1/1) D:6
   Lair: D:8-11

Altars:
Gozag
Hepliaklqana
Makhleb
Nemelex Xobeh
Okawaru
Qazlal
Ru
Sif Muna
Trog
Vehumet
Wu Jian
Yredelemnul
Zin

Shops:
D:5 (   D:6 =

Annotations:
D:4 1 runed translucent door, Drain's ghost, amateur OpCj
D:7 Joseph


Innate Abilities, Weirdness & Mutations

You have very sharp teeth.
Your uncanny sense of smell can sniff out nearby items.
Your experience applies equally to all skills.


Message History

The wyvern looks as sick as possible!
The wyvern closely misses you. The +4 spectral quarterstaff hits you!
Joseph is engulfed in poison gas.
Joseph looks as sick as possible!
Joseph barely misses you. The +4 spectral quarterstaff hits you!
* * * LOW HITPOINT WARNING * * *
The wyvern is engulfed in poison gas.
The wyvern looks as sick as possible!
The wyvern bites you!
* * * LOW HITPOINT WARNING * * *
The +4 spectral quarterstaff barely misses you.
You feel much better.
You kill the wyvern!
Qazlal accepts your kill. The +4 spectral quarterstaff hits you.
The +4 spectral quarterstaff completely misses you.
Joseph looks as sick as possible!
Joseph closely misses you.
The +4 spectral quarterstaff hits you! x2
* * * LOW HITPOINT WARNING * * *
You feel much better.
The +4 spectral quarterstaff closely misses you.
The +4 spectral quarterstaff hits you!
* * * LOW HITPOINT WARNING * * *
Joseph is engulfed in poison gas.
Joseph looks as sick as possible!
Joseph hits you with a +4 spectral quarterstaff!
* * * LOW HITPOINT WARNING * * *
The +4 spectral quarterstaff hits you but does no damage.
The +4 spectral quarterstaff barely misses you.
You barely miss Joseph.
Joseph is heavily wounded.
Joseph is engulfed in poison gas.
Joseph looks as sick as possible!
Joseph hits you but does no damage.
The +4 spectral quarterstaff hits you but does no damage.
You puncture Joseph! You freeze Joseph.
Joseph is severely wounded.
Joseph is engulfed in poison gas.
Joseph looks as sick as possible!
Joseph barely misses you.
The +4 spectral quarterstaff hits you but does no damage.
You hit Joseph. You freeze Joseph.
Joseph is almost dead.
The +4 spectral quarterstaff hits you!
You die...

##########
#§☼○§@(°§#
#☼☼§°9@.§#
#°☼°§§§§§#
#☼§§°§☼°§#
#§§§☼°§○.°○
#####○°§°###
○§§#§○ ∆
##☼§#§# .###


You could see Joseph (extremely poisoned, ally target), a +4 spectral
quarterstaff and a friendly guardian golem (summoned).

Vanquished Creatures
  Pikel (D:6)
  Maggie (D:6)
  Grinder (D:5)
  Sigmund (D:3)
  2 wyverns
  Menkaure (D:5)
  2 water moccasins (D:6)
  An orc warrior (D:8)
  A sky beast (D:6)
  An ice beast (D:6)
  2 black bears
  A lemure (D:6)
  3 phantoms
  2 kobold brigands
  Blork the orc (D:6)
  A scorpion (D:4)
  Crazy Yiuf (D:3)
  A hound (D:4)
  A jelly (D:6)
  An orc priest (D:8)
  2 gnoll boudas
  2 sleepcaps
  3 iguanas
  2 orc wizards (D:5)
  10 gnolls
  9 adders
  3 shadow imps
  A white imp (D:7)
  An ufetubus (D:5)
  A worm (D:2)
  2 dart slugs
  10 orcs
  5 bats
  7 endoplasms
  7 giant cockroaches
  19 goblins
  10 hobgoblins
  9 jackals
  3 quokkas
  11 ball pythons
  5 frilled lizards
  18 kobolds
  5 rats
171 creatures vanquished.

Vanquished Creatures (others)
  A cyclops (D:6)
  A quokka (D:8)
  83 foxfires
85 creatures vanquished.

Grand Total: 256 creatures vanquished

Notes
Turn   | Place    | Note
-------+----------+-------------------------------------------
     0 | D:1      | Reached skill level 10 in Fighting
     0 | D:1      | GimliDwarf the Gnoll Wanderer began the quest for the Orb.
     0 | D:1      | GimliDwarf set off with the following items: a +1 spear, a
                  | potion of haste, 2 scrolls of blinking, a +0 robe.
     0 | D:1      | Reached XP level 1. HP: 29/29 MP: 1/1
   216 | D:1      | Got the Compilation of Malediction
   272 | D:1      | Reached XP level 2. HP: 36/36 MP: 2/2
   460 | D:1      | Learned a level 1 spell: Foxfire
   523 | D:1      | Reached XP level 3. HP: 40/42 MP: 3/3
   634 | D:1      | Reached skill level 1 in Invocations
   789 | D:2      | Reached skill level 1 in Short Blades
   789 | D:2      | Reached skill level 1 in Long Blades
   789 | D:2      | Reached skill level 1 in Axes
   789 | D:2      | Reached skill level 1 in Maces & Flails
   789 | D:2      | Reached skill level 1 in Staves
   789 | D:2      | Reached skill level 1 in Ranged Weapons
   789 | D:2      | Reached skill level 1 in Throwing
   789 | D:2      | Reached skill level 1 in Dodging
   789 | D:2      | Reached skill level 1 in Stealth
   789 | D:2      | Reached skill level 1 in Shields
   789 | D:2      | Reached skill level 1 in Spellcasting
  1095 | D:2      | Reached XP level 4. HP: 47/48 MP: 3/5
  1201 | D:2      | Reached skill level 1 in Conjurations
  1201 | D:2      | Reached skill level 1 in Hexes
  1201 | D:2      | Reached skill level 1 in Summonings
  1201 | D:2      | Reached skill level 1 in Necromancy
  1201 | D:2      | Reached skill level 1 in Translocations
  1201 | D:2      | Reached skill level 1 in Transmutations
  1201 | D:2      | Reached skill level 1 in Fire Magic
  1201 | D:2      | Reached skill level 1 in Ice Magic
  1201 | D:2      | Reached skill level 1 in Air Magic
  1201 | D:2      | Reached skill level 1 in Earth Magic
  1201 | D:2      | Reached skill level 1 in Poison Magic
  1629 | D:3      | Found a runed translucent door.
  1630 | D:3      | Noticed Crazy Yiuf
  1667 | D:3      | Reached XP level 5. HP: 40/54 MP: 5/7
  2051 | D:3      | Found a sparkling altar of Nemelex Xobeh.
  2082 | D:3      | Noticed Sigmund
  2087 | D:3      | Killed Sigmund
  2088 | D:3      | Reached skill level 5 in Unarmed Combat
  2088 | D:3      | Reached XP level 6. HP: 61/61 MP: 7/9
  2357 | D:3      | Killed Crazy Yiuf
  2535 | D:4      | Noticed Drain's ghost (amateur OpCj)
  2666 | D:4      | Learned a level 3 spell: Summon Guardian Golem
  2666 | D:4      | Found a runed translucent door.
  2936 | D:4      | Found a glowing silver altar of Zin.
  2936 | D:4      | Found an opulent altar of Gozag.
  3039 | D:4      | Found a bloodstained altar of Trog.
  3174 | D:4      | Reached XP level 7. HP: 63/67 MP: 4/10
  3398 | D:4      | Got the Folio of the Creeping Serac
  3691 | D:4      | Learned a level 1 spell: Necrotise
  3692 | D:5      | Entered Level 5 of the Dungeon
  3696 | D:5      | Noticed Grinder
  3882 | D:5      | Noticed a wyvern
  3925 | D:5      | Killed a wyvern
  4078 | D:5      | Noticed Menkaure
  4080 | D:5      | Paralysed by Grinder for 5 turns
  4090 | D:5      | Killed Menkaure
  4090 | D:5      | Killed Grinder
  4091 | D:5      | Reached skill level 11 in Fighting
  4091 | D:5      | Reached XP level 8. HP: 20/75 MP: 3/13
  4576 | D:5      | Found Reubot's Hydra Hut.
  4577 | D:5      | Noticed a five-headed hydra
  5321 | D:6      | Reached XP level 9. HP: 65/81 MP: 10/14
  5484 | D:6      | Found a staircase to the Ecumenical Temple.
  5516 | D:6      | Noticed Blork the orc
  5530 | D:6      | Killed Blork the orc
  5710 | Temple   | Entered the Ecumenical Temple
  6033 | D:6      | Noticed Maggie
  6061 | D:6      | Killed Maggie
  6062 | D:6      | Reached skill level 5 in Polearms
  6062 | D:6      | Reached skill level 5 in Armour
  6062 | D:6      | Reached skill level 5 in Evocations
  6228 | D:6      | Found Moewoga's Jewellery Shoppe.
  6265 | D:6      | Noticed a cyclops
  6347 | D:6      | Noticed Pikel
  6723 | D:6      | Killed Pikel
  6724 | D:6      | Reached skill level 5 in Invocations
  7012 | D:6      | Killed a cyclops
  7149 | D:6      | You fall into a shaft and drop 2 floors!
  7298 | D:8      | Reached skill level 5 in Short Blades
  7298 | D:8      | Reached skill level 5 in Long Blades
  7298 | D:8      | Reached skill level 5 in Axes
  7298 | D:8      | Reached skill level 5 in Maces & Flails
  7298 | D:8      | Reached skill level 5 in Staves
  7298 | D:8      | Reached skill level 5 in Ranged Weapons
  7298 | D:8      | Reached skill level 5 in Throwing
  7298 | D:8      | Reached skill level 5 in Dodging
  7298 | D:8      | Reached skill level 5 in Stealth
  7298 | D:8      | Reached skill level 5 in Shields
  7298 | D:8      | Reached skill level 5 in Spellcasting
  7375 | D:8      | Reached XP level 10. HP: 65/88 MP: 17/17
  7924 | D:6      | Found a radiant altar of Vehumet.
  7996 | Temple   | Became a worshipper of Qazlal Stormbringer
  8059 | D:7      | Noticed Joseph
  8069 | D:7      | Slain by a +4 spectral quarterstaff

Illustrated notes

Levels and vault maps discovered:
D:1:      lightli_arrival_windingriver, layout_basic
D:2:      layout_rooms, chequers_serial_rivers_micro_b,
          minmay_misc_feat_nine_boxes, minmay_fractal_squares_5
D:3:      layout_loops_ring, nemelex_spade_bored_becter, serial_park_tiny_1,
          minmay_misc_feat_secret_circle, uniq_sigmund, uniq_crazy_yiuf_cottage
D:4:      minmay_octagon_keep, layout_basic,
          grunt_temple_overflow_gold_and_silver, kennysheep_little_box,
          hellmonk_ghost_happy_afterlife
D:5:      layout_basic, doesnt_shop_hydraphobe, uniq_menkaure, uniq_grinder
D:6:      layout_loops_ring, marbit_many_paths, minmay_temple_entry_poolview,
          serial_shops, shop_statue, kennysheep_generic_room_5, uniq_pikel,
          uniq_blork_the_orc, uniq_maggie
D:7:      layout_rooms, kennysheep_flooded_box, uniq_joseph
D:8:      lemuel_ice_spiral_2, layout_basic, mainiacjoe_overflow_paths,
          elyvilon_altar_4
Temple:   nicolae_temple_ecumenical_triangle

Skill      XL: |  1  2  3  4  5  6  7  8  9 10 |
---------------+-------------------------------+-----
Fighting       | 11 | 11.6
Invocations    | 1 2 3 4 5 |  5.7
Short Blades   | 1 2 3 5 |  5.2
Long Blades    | 1 2 3 5 |  5.2
Axes           | 1 2 3 5 |  5.2
Maces & Flails | 1 2 3 5 |  5.2
Staves         | 1 2 3 5 |  5.2
Ranged Weapons | 1 2 3 5 |  5.2
Throwing       | 1 2 3 5 |  5.2
Dodging        | 1 2 3 5 |  5.2
Stealth        | 1 2 3 5 |  5.2
Shields        | 1 2 3 5 |  5.2
Spellcasting   | 1 2 3 5 |  5.2
Conjurations   | 1 2 3 4 |  4.3
Hexes          | 1 2 3 4 |  4.3
Summonings     | 1 2 3 4 |  4.3
Necromancy     | 1 2 3 4 |  4.3
Translocations | 1 2 3 4 |  4.3
Transmutations | 1 2 3 4 |  4.3
Fire Magic     | 1 2 3 4 |  4.3
Ice Magic      | 1 2 3 4 |  4.3
Air Magic      | 1 2 3 4 |  4.3
Earth Magic    | 1 2 3 4 |  4.3
Poison Magic   | 1 2 3 4 |  4.3
Polearms       | 3 4 5 |  5.8
Armour         | 3 4 5 |  5.8
Evocations     | 3 4 5 |  5.8
Unarmed Combat | 5 6 7 |  7.0

Action                     |  1- 3 |  4- 6 |  7- 9 | 10-12 || total
---------------------------+-------+-------+-------+-------++-------
  Melee: Spear             |    77 |       |       |       ||    77
         Bite              |    13 |    10 |    33 |    10 ||    66
         Punch             |     2 |     1 |    12 |     5 ||    20
         Trident           |    16 |   123 |   366 |    78 ||   583
   Cast: Foxfire           |     8 |     8 |    28 |       ||    44
         Necrotise         |       |       |     8 |     5 ||    13
         Summon Guardian G |       |       |     5 |     1 ||     6
  Evoke: Wand              |       |       |    12 |       ||    12
    Use: Scroll            |       |    15 |     5 |     1 ||    21
         Potion            |       |     1 |     3 |     3 ||     7
   Stab: Sleeping          |     1 |     6 |     7 |     1 ||    15
         Invisible         |       |       |     6 |       ||     6
         Distracted        |       |       |       |     1 ||     1
 Armour: Robe              |    13 |    29 |    90 |       ||   132
         Acid dragon scale |       |       |    29 |    31 ||    60
  Dodge: Dodged            |    37 |    58 |   177 |    50 ||   322
